 Dungeon Crawl Stone Soup version 0.22.1-1-ga44c0e5 (webtiles) character file.

204 revss the Ruffian (level 5, -10/47 (52) HPs)
             Began as a Troll Berserker on Oct 9, 2018.
             Was a Believer of Trog.
             Mangled by a polar bear (15 damage)
             ... created by the rage of Trog
             ... on level 4 of the Dungeon.
             The game lasted 00:27:40 (2407 turns).

revss the Ruffian (Troll Berserker)                 Turns: 2407, Time: 00:27:40

HP:   -10/47 (52)   AC:  7    Str: 23 (26) XL:     5   Next: 52%
MP:   4/4           EV: 11    Int:  3      God:    Trog [**....]
Gold: 185           SH:  0    Dex:  9      Spells: 2/4 levels left

rFire    + . .     SeeInvis .     - Unarmed
rCold    . . .     Gourm    +   (no shield)
rNeg     . . .     Faith    .   a - +0 animal skin
rPois    .         Spirit   .   (helmet restricted)
rElec    .         Reflect  .   f - +1 cloak
rCorr    .         Harm     .   (gloves unavailable)
MR       .....                  (boots unavailable)
Stlth    +.........             (no amulet)
HPRegen  0.55/turn              u - ring of flight
MPRegen  0.09/turn              C - ring of protection from fire

@: no status effects
A: large, unfitting armour, claws 3, fast metabolism 3, gourmand, regeneration
1, shaggy fur 1, tough skin 2
a: Berserk, Trog's Hand, Renounce Religion, Evoke Flight


You were on level 4 of the Dungeon.
You worshipped Trog.
Trog was pleased with you.
You were not hungry.

You visited 1 branch of the dungeon, and saw 4 of its levels.

You collected 185 gold pieces.

Inventory:

Hand Weapons
 c - a +0 dagger
 g - a +0 club
 k - a +0 hand axe
 m - a +0 falchion
 s - a +0 flail
 x - a +0 rapier
 E - a cursed -2 mace
Missiles
 d - 38 arrows
Armour
 a - a +0 animal skin (worn)
 f - a +1 cloak (worn)
 o - a +0 robe
 p - a +0 robe
 D - a +0 shield
Jewellery
 u - a ring of flight (left claw)
 C - a ring of protection from fire (right claw)
Wands
 r - a wand of disintegration (11)
Scrolls
 h - 2 scrolls of amnesia {unknown}
 j - 3 scrolls of magic mapping {unknown}
 n - 2 scrolls of teleportation {unknown}
 q - 2 scrolls of immolation {unknown}
 v - 3 scrolls of identify {unknown}
 y - a scroll of fear {unknown}
 B - 2 scrolls of remove curse {unknown}
Potions
 e - a potion of curing
 i - 2 potions of heal wounds {unknown}
 l - 2 potions of ambrosia {unknown}
 t - a potion of haste {unknown}
 z - a potion of agility {unknown}
Comestibles
 b - 8 rations


   Skills:
 + Level 2.9 Fighting
 + Level 3.7 Dodging
 * Level 0.4 Stealth
 + Level 4.6 Unarmed Combat


You had 2 spell levels left.
You knew the following spells:

 Your Spells              Type           Power        Failure   Level  Hunger
a - Swiftness             Chrm/Air       #.......     67%         2    ###....

Your spell library contained the following spells:

 Spells                   Type           Power        Failure   Level  Hunger
 Shock                    Conj/Air       #...         52%         1    ##.....
 Static Discharge         Conj/Air       #.......     88%         3    ####...
 Airstrike                Air            #.........   99%         4    #####..
 Lightning Bolt           Conj/Air       #.........   100%        5    ######.


Dungeon Overview and Level Annotations

Branches:
Dungeon (4/15)
 Temple: D:4-7

Altars:
Ashenzari
Dithmenos
Elyvilon
Fedhas


Innate Abilities, Weirdness & Mutations

You are too large for most types of armour.
You have claws for hands.
Your metabolism is lightning-fast.
You like to eat raw meat.
Your natural rate of healing is unusually fast.
You are covered in fur. (AC +1)
You have very tough skin. (AC +2)


Message History

The black bear claws you but does no damage.
The polar bear rages.
You barely miss the black bear.
The black bear is lightly wounded.
The black bear bites you but does no damage.
The black bear barely misses you.
The black bear claws you but does no damage.
The black bear bites you. The black bear claws you.
The black bear closely misses you.
You scratch the black bear.
The black bear is moderately wounded.
The black bear bites you. The black bear barely misses you.
The black bear closely misses you. The polar bear bites you!!
* * * LOW HITPOINT WARNING * * *
The polar bear claws you but does no damage. x2
The black bear bites you but does no damage.
The black bear claws you.
* * * LOW HITPOINT WARNING * * *
The black bear barely misses you. The polar bear bites you!
You die...

#..###.###..##................#..
.........#....................#..
#........#....................#..
######.###..##..##'############..
#..###.###'###..##.#######.......
................+........#.......
..............hh#........#.......
............###h#######..#.......
#+#######...#...@h....#..#.......
........#####....h....#'##..)....
.................................
.................................
.................................
.................................
#'#############################'#
.........#..............#....'...
.........#..............#....#...


You could see 3 polar bears and 2 black bears.

Vanquished Creatures
  A scorpion (D:4)
  A howler monkey (D:2)
  A worker ant (D:4)
  3 adders
  An ooze (D:2)
  2 worms
  2 dart slugs
  2 leopard geckos
  An orc (D:3)
  6 bats
  4 giant cockroaches
  3 hobgoblins
  2 jackals (D:2)
  3 quokkas
  4 frilled lizards
  4 goblins
  6 kobolds
  9 rats
  2 fungi (D:2)
57 creatures vanquished.

Notes
Turn   | Place    | Note
-------+----------+-------------------------------------------
     0 | D:1      | revss the Troll Berserker began the quest for the Orb.
     0 | D:1      | Reached XP level 1. HP: 22/22 MP: 0/0
   259 | D:1      | Reached XP level 2. HP: 28/29 MP: 1/1
   460 | D:2      | Found a blossoming altar of Fedhas.
   567 | D:2      | Found a shadowy altar of Dithmenos.
   681 | D:2      | Reached XP level 3. HP: 35/36 MP: 2/2
   701 | D:2      | Found a shattered altar of Ashenzari.
   711 | D:2      | Reached ** piety under Trog
   739 | D:2      | Reached XP level 4. HP: 44/44 MP: 3/3
  1217 | D:3      | Reached skill level 4 in Unarmed Combat
  1451 | D:3      | Found a white marble altar of Elyvilon.
  2010 | D:4      | Was placed under penance by Trog
  2013 | D:4      | Learned a level 2 spell: Swiftness
  2058 | D:4      | Reached XP level 5. HP: 45/52 MP: 4/4
  2403 | D:4      | Was forgiven by Trog
  2404 | D:4      | Noticed a polar bear
  2404 | D:4      | Noticed a black bear
  2404 | D:4      | Noticed a polar bear
  2404 | D:4      | Noticed a black bear
  2404 | D:4      | Noticed a polar bear
  2407 | D:4      | Mangled by a polar bear

Skill      XL: |  1  2  3  4 |
---------------+-------------+-----
Dodging        | 3 |  3.7
Unarmed Combat | 4 |  4.6
Fighting       | |  2.9
Stealth        | |  0.4

Action                   |  1- 3 |  4- 6 || total
-------------------------+-------+-------++-------
Melee: Unarmed           |    77 |   100 ||   177
       Punch             |     1 |     1 ||     2
  Use: Potion            |       |     1 ||     1
 Stab: Sleeping          |       |     1 ||     1
  Eat: Ration            |     1 |     2 ||     3
       Chunk             |       |     9 ||     9
Armor: Animal skin       |    22 |    32 ||    54
Dodge: Dodged            |    37 |    55 ||    92
